[Event "Team 45 45 League T60"]
[Site "Internet Chess Club"]
[Date "2014.03.01"]
[Round "1"]
[White "imawesome"]
[Black "PoisonPawn"]
[Result "0-1"]
[WhiteElo "1841"]
[BlackElo "2034"]
[Opening "Sicilian: Alapin's variation (2.c3)"]
[ECO "B22"]
[Time "17:22:19"]
[TimeControl "2700+45"]

1. e4 c5 2. c3 Nf6 3. e5 Nd5 4. d4 cxd4 5. Nf3 e6 6. cxd4 b6 7. Nc3 Nxc3 8. bxc3
Qc7 9. Bd2 Bb7 10. Bd3 d6 11. O-O Nd7 12. Bf4 Be7 13. Re1 O-O 14. Rc1 g6 15. Bg3
Bxf3 16. Qxf3 dxe5 17. dxe5 Rac8 18. h4 Nc5 19. Bb1 Qc6 20. Qg4 Qa4 21. c4 h5
22. Qe2 Rfd8 23. Qe3 Rd7 24. Rc3 Rcd8 25. a3 Rd1 26. Bc2 Rxe1+ 27. Qxe1 Qd7 28.
Kf1 Qd4 29. f3 Qd2 30. Bf2 Kg7 31. Qxd2 Rxd2 32. Ke1 Rd8 33. Ke2 Kf8 34. g3 Nd7
35. f4 Bc5 36. Bxc5+ Nxc5 37. Ke3 Ke7 38. Bd3 Nxd3 39. Rxd3 Rxd3+ 40. Kxd3 Kd7
41. Kd4 Kc6 42. a4 a6 43. Kd3 Kc5 44. Kc3 a5 45. Kd3 Kb4 46. Kd4 Kxa4 47. c5 Kb5
48. cxb6 Kxb6 {White resigns} 0-1

[Event "Team 45 45 League T60"]
[Site "Internet Chess Club"]
[Date "2014.03.02"]
[Round "1"]
[White "Gater-Nation"]
[Black "gump12345"]
[Result "1-0"]
[WhiteElo "1990"]
[BlackElo "2046"]
[Opening "Sicilian: Kan, 5.Nc3"]
[ECO "B43"]
[Time "22:05:26"]
[TimeControl "2700+45"]

1. e4 c5 2. Nf3 e6 3. d4 cxd4 4. Nxd4 a6 5. Nc3 b5 6. Bd3 Qb6 7. Nf3 Nc6 8. O-O
Qb8 9. Re1 Bb7 10. e5 Nge7 11. Bf4 f5 12. a4 b4 13. Nb1 Nd5 14. Bg3 Be7 15. Bxf5
Nb6 16. Bd3 Qc7 17. Nbd2 O-O 18. Qe2 Nd8 19. a5 Nd5 20. Qe4 g6 21. Qg4 Kg7 22.
Ng5 Bxg5 23. Qxg5 Nf7 24. Qf6+ Kg8 25. Qh4 Qd8 26. Qh3 Kg7 27. Bh4 g5 28. Bg3
Nh6 29. Ne4 g4 30. Qh5 Rf5 31. Qh4 Qxh4 32. Bxh4 Rxe5 33. Bg3 Rh5 34. Nc5 Bc8
35. Rad1 Kg8 36. Be4 Nf7 37. Bxd5 Rxd5 38. Rxd5 exd5 39. Nd3 Bb7 40. Re7 Bc6 41.
Nxb4 Kf8 42. Nxc6 dxc6 43. Rc7 Re8 44. Kf1 Re6 45. Ra7 c5 46. Rd7 c4 47. Rxd5
Rc6 48. Ke2 Kg7 49. Ke3 Kg6 50. Bf4 Nh6 51. Rg5+ Kf6 52. Ke4 Re6+ 53. Re5 Nf5
54. Bg5+ {Black resigns} 1-0

[Event "Team 45 45 League T60"]
[Site "Internet Chess Club"]
[Date "2014.02.26"]
[Round "1"]
[White "xwang1"]
[Black "Barrett-CCSCSL"]
[Result "1/2-1/2"]
[WhiteElo "2125"]
[BlackElo "2121"]
[Opening "Caro-Kann: Tartakower (fantasy) variation"]
[ECO "B12"]
[Time "19:09:55"]
[TimeControl "2700+45"]

1. e4 c6 2. d4 d5 3. f3 e6 4. Nc3 Nf6 5. e5 Nfd7 6. f4 Be7 7. Nf3 c5 8. Be3 Nc6
9. Qd2 b6 10. O-O-O Bb7 11. f5 cxd4 12. fxe6 fxe6 13. Nxd4 Nxd4 14. Bxd4 O-O 15.
Be2 Bc5 16. Bg4 Qe7 17. Kb1 Rac8 18. Qe3 Bxd4 19. Rxd4 a6 20. Rdd1 Nc5 21. Ne2
a5 22. Nd4 Rf7 23. Rhf1 Rcf8 24. Rf3 Rxf3 25. Bxf3 Ba6 26. a3 Qe8 27. Qg5 h6 28.
Qg3 Qf7 29. h4 Qf4 30. Qxf4 Rxf4 31. h5 Bc8 32. g3 Rf8 33. Kc1 Bd7 34. Kd2 a4
35. Ke3 Rb8 36. c3 b5 37. Ne2 Kf8 38. Nf4 Be8 39. Nd3 Nd7 40. Be2 Ke7 41. Kd4
Nb6 42. Nf4 Nc8 43. Bg4 Bf7 44. Re1 Rb7 45. Nxd5+ exd5 46. Bxc8 Rc7 47. Bf5 Rc4+
48. Ke3 Bxh5 49. Bd3 Rg4 50. Bxb5 Rxg3+ 51. Kd2 Rg2+ 52. Kc1 Be8 53. Bxe8 Kxe8
54. Rd1 Ke7 55. Rxd5 Ke6 56. Rd4 h5 57. Rxa4 g5 58. Ra6+ Kxe5 59. Rh6 h4 60. b4
Ra2 61. b5 Rxa3 62. Kb2 Ra8 63. c4 Kd4 64. Kb3 Rf8 65. Rd6+ Ke4 66. c5 g4 67. b6
g3 68. Rg6 Kf5 69. Rg7 Kf6 70. Rg4 Kf5 71. Rg7 Kf6 72. Rg4 Rh8 73. b7 h3 74.
Rxg3 h2 75. Rf3+ Ke6 76. Re3+ Kd7 77. Re1 Kc7 78. Rh1 Kxb7 79. Kc2 Kc6 80. Kd2
Kxc5 81. Ke2 Re8+ 82. Kf2 Rf8+ 83. Kg2 Rg8+ 84. Kxh2 Rh8+ 85. Kg1 Rxh1+ 86. Kxh1
{Game drawn because neither player has mating material} 1/2-1/2

[Event "Team 45 45 League T60"]
[Site "Internet Chess Club"]
[Date "2014.03.02"]
[Round "1"]
[White "f5"]
[Black "Happybear"]
[Result "1-0"]
[WhiteElo "2164"]
[BlackElo "1899"]
[Opening "QGD semi-Slav"]
[ECO "D43"]
[Time "21:02:33"]
[TimeControl "2700+45"]

1. d4 d5 2. Nf3 Nf6 3. c4 e6 4. Nc3 c6 5. Bg5 Be7 6. Qc2 Nbd7 7. e3 O-O 8. Be2
dxc4 9. Bxc4 b5 10. Bd3 Bb7 11. O-O Rc8 12. a3 a5 13. Rfd1 Kh8 14. Qe2 Nh5 15.
Bxe7 Qxe7 16. Ne5 Nhf6 17. Rac1 Nxe5 18. dxe5 Nd7 19. f4 f5 20. exf6 gxf6 21.
Ne4 Rg8 22. Bb1 Rc7 23. Qd2 b4 24. Qd6 Qxd6 25. Rxd6 Re8 26. Rcd1 Re7 27. Ba2 c5
28. Ng3 c4 29. axb4 axb4 30. Bxc4 Rxc4 31. Rxd7 Rxd7 32. Rxd7 Rc1+ 33. Kf2 Rc2+
34. Ke1 Bxg2 35. Nh5 Be4 36. Rd8# {Black checkmated} 1-0

[Event "Team 45 45 League T60"]
[Site "Internet Chess Club"]
[Date "2014.03.01"]
[Round "1"]
[White "charles-allen"]
[Black "BigH"]
[Result "0-1"]
[WhiteElo "1892"]
[BlackElo "2082"]
[Opening "Four knights: Scotch, 4...exd4"]
[ECO "C47"]
[Time "14:09:51"]
[TimeControl "2700+45"]

1. e4 e5 2. Nc3 Nf6 3. Nf3 Nc6 4. d4 exd4 5. Nxd4 Bb4 6. Nxc6 bxc6 7. Qd4 Qe7 8.
f3 Bc5 9. Qd3 O-O 10. Bg5 Rb8 11. Na4 Bb6 12. Nxb6 Rxb6 13. Qc3 Re8 14. Bxf6
gxf6 15. O-O-O Qe5 16. Qd4 c5 17. Qxe5 fxe5 18. Bc4 d6 19. h4 Bd7 20. g4 Kf8 21.
g5 Ke7 22. h5 Rf8 23. Rdf1 Bc6 24. g6 fxg6 25. hxg6 hxg6 26. Rh7+ Kd8 27. Rg1
Be8 28. Rg3 Kc8 29. Be6+ Kb8 30. Rgh3 Kb7 31. Re7 Ka6 32. Rxc7 Rc6 33. Re7 Kb6
34. Rhh7 a6 35. Bd5 Rc8 36. Rb7+ Ka5 37. Rh3 c4 38. b4+ Ka4 39. f4 c3 40. f5
gxf5 41. Rf3 Rh8 42. Rf1 Bb5 43. Bb3+ Ka3 44. Rg1 fxe4 45. Kd1 Rh2 46. Rxb5 axb5
47. Rg7 Rch8 48. Ra7+ Kb2 49. a4 Rd2+ {White resigns} 0-1

[Event "Team 45 45 League T60"]
[Site "Internet Chess Club"]
[Date "2014.03.01"]
[Round "1"]
[White "xt"]
[Black "portis2"]
[Result "0-1"]
[WhiteElo "1612"]
[BlackElo "1649"]
[Opening "French: exchange variation"]
[ECO "C01"]
[Time "13:03:40"]
[TimeControl "2700+45"]

1. e4 e6 2. d4 d5 3. exd5 exd5 4. Nf3 Bd6 5. Nc3 c6 6. Be2 Nf6 7. O-O h6 8. h3
O-O 9. Be3 Bf5 10. Qd2 Re8 11. Bd3 Qd7 12. Rfe1 Bxd3 13. Qxd3 Na6 14. a3 Nc7 15.
Qd2 Qf5 16. Nh4 Qh5 17. Nf3 Ne6 18. Re2 Rad8 19. Rae1 Ne4 20. Qc1 Bxa3 21. Nxe4
dxe4 22. Nd2 Bf8 23. Nxe4 f5 24. Ng3 Qf7 25. Bf4 Nxd4 26. Rxe8 Rxe8 27. Rxe8
Qxe8 28. Qd2 Bc5 29. Be3 Qe5 30. b4 Bb6 31. Qd3 f4 32. Bxd4 Qxd4 33. Qxd4 Bxd4
34. Ne2 Be5 35. Kf1 Kf7 36. Ke1 Ke6 37. Kd2 Kd5 38. Kd3 b5 39. f3 g5 40. Nc1 c5
41. bxc5 Kxc5 42. Nb3+ Kb4 43. Nd2 a5 44. Nb1 a4 45. c3+ Kb3 46. Nd2+ Kb2 47. c4
b4 48. c5 Bc7 49. Nc4+ Ka2 50. Nb6 b3 51. Nxa4 b2 52. Nc3+ Kb3 53. Nb1 Be5 54.
c6 Ka2 55. Kc2 Bc7 56. Nc3+ Ka1 57. Nb1 Be5 58. Nd2 Bc7 59. Nb1 Ba5 60. Na3 Bc7
61. Nb1 Ba5 62. Na3 Ka2 63. Nb1 h5 {White resigns} 0-1

[Event "Team 45 45 League T60"]
[Site "Internet Chess Club"]
[Date "2014.03.03"]
[Round "1"]
[White "Schachteufel"]
[Black "Achelous"]
[Result "1-0"]
[WhiteElo "1657"]
[BlackElo "1642"]
[Opening "Sicilian: Hungarian variation"]
[ECO "B27"]
[Time "12:01:13"]
[TimeControl "2700+45"]

1. e4 c5 2. Nf3 g6 3. d4 cxd4 4. Nxd4 a6 5. Nc3 Bg7 6. Be3 Nc6 7. Bc4 Nf6 8. f3
O-O 9. Qd2 b5 10. Bb3 Qc7 11. O-O-O Bb7 12. g4 Ne5 13. Kb1 Rfc8 14. h4 Ne8 15.
h5 Nc4 16. Bxc4 Qxc4 17. hxg6 fxg6 18. Qh2 Nf6 19. e5 Nd5 20. Qxh7+ Kf7 21. Bh6
Nxc3+ 22. bxc3 Rg8 23. Rh2 Bd5 24. Nb3 a5 25. Rd4 Qf1+ 26. Nc1 Bxa2+ 27. Kxa2
Qxc1 28. Bxc1 {Black resigns} 1-0

[Event "Team 45 45 League T60"]
[Site "Internet Chess Club"]
[Date "2014.03.02"]
[Round "1"]
[White "mongmong"]
[Black "edwspin"]
[Result "1-0"]
[WhiteElo "1673"]
[BlackElo "1540"]
[Opening "King's Indian: 5.Nf3"]
[ECO "E90"]
[Time "08:00:41"]
[TimeControl "2700+45"]

1. d4 Nf6 2. Nf3 g6 3. c4 d6 4. Nc3 Bg7 5. e4 Nbd7 6. Be2 O-O 7. O-O b6 8. Qc2
Bb7 9. Bg5 Rc8 10. Rac1 h6 11. Bh4 c6 12. Rfd1 Qc7 13. h3 e5 14. dxe5 Nxe5 15.
Nxe5 dxe5 16. Bg3 a6 17. f3 Nh5 18. Bf2 Nf4 19. Na4 c5 20. Nc3 Qe7 21. Bf1 Qg5
22. Kh1 f5 23. Nd5 fxe4 24. Qxe4 Bxd5 25. cxd5 a5 26. d6 Rfd8 27. Qb7 Rb8 28.
Qc7 Ne6 29. Bc4 Qf6 30. Qe7 Re8 31. Qxf6 Bxf6 32. d7 Red8 33. Bxe6+ Kg7 34. b3
Bg5 35. Rc3 Kf6 36. Bc4 b5 37. Be2 Rb7 38. h4 b4 39. Rcd3 e4 40. Rd6+ {Black
resigns} 1-0

[Event "Team 45 45 League T60"]
[Site "Internet Chess Club"]
[Date "2014.03.02"]
[Round "1"]
[White "AVEMARIA"]
[Black "chessnow"]
[Result "1/2-1/2"]
[WhiteElo "1625"]
[BlackElo "1487"]
[Opening "Giuoco Piano"]
[ECO "C50"]
[Time "13:00:53"]
[TimeControl "2700+45"]

1. e4 e5 2. Nf3 Nc6 3. Bc4 Bc5 4. O-O Nf6 5. d3 d6 6. c3 O-O 7. Be3 Bb6 8. Bb3
Bg4 9. Nbd2 Ne7 10. h3 Be6 11. Bc2 Ng6 12. d4 Qd7 13. Ng5 h6 14. Nxe6 Qxe6 15.
d5 Qe7 16. Nc4 Rac8 17. Re1 Rfd8 18. Nxb6 cxb6 19. Qe2 Qc7 20. Bd3 Qd7 21. Qf3
Qe7 22. a4 Nh4 23. Qe2 Ra8 24. Kh2 Nd7 25. b4 Rdc8 26. Rac1 Rc7 27. f4 exf4 28.
Bxf4 Ng6 {Game drawn by mutual agreement} 1/2-1/2

[Event "Team 45 45 League T60"]
[Site "Internet Chess Club"]
[Date "2014.02.27"]
[Round "1"]
[White "stevyk6"]
[Black "tightfist"]
[Result "1/2-1/2"]
[WhiteElo "1367"]
[BlackElo "1564"]
[Opening "French: Tarrasch, open variation"]
[ECO "C07"]
[Time "21:30:35"]
[TimeControl "2700+45"]

1. e4 e6 2. d4 d5 3. Nd2 c5 4. c3 Nc6 5. Ne2 Qb6 6. Nb3 cxd4 7. Nbxd4 Nxd4 8.
Nxd4 dxe4 9. Be3 Be7 10. Nb3 Qd6 11. Qxd6 Bxd6 12. O-O-O Ke7 13. Nc5 f5 14. Bd4
Nf6 15. Bxf6+ gxf6 16. Nb3 Bd7 17. Bc4 Ba4 18. Rd4 Rac8 19. Rhd1 Be5 20. Bxe6
Bxd4 21. Bxc8 Rxc8 22. Rxd4 Bxb3 23. axb3 Ke6 24. Kd2 Rg8 25. g3 h6 26. Rc4 Rg7
27. Rc8 Rd7+ 28. Ke2 Rg7 29. Rh8 Rg6 30. Rh7 b6 31. Rxa7 Kd6 32. Rf7 Kc5 33. Ke3
b5 34. Kf4 b4 35. Kxf5 Rg5+ 36. Kxe4 Re5+ 37. Kf3 Rf5+ 38. Ke3 Re5+ 39. Kf4 Re2
40. cxb4+ Kxb4 41. Rb7+ Kc5 42. b4+ Kc6 43. Rf7 Rxf2+ 44. Kg4 Rxh2 45. Rxf6+ Kb5
46. b3 Kxb4 47. Rb6+ Kc5 48. Re6 Kb4 49. Rb6+ Kc5 50. Re6 Kb4 51. Re3 h5+ 52.
Kg5 Rh3 53. Kf4 {Game drawn by mutual agreement} 1/2-1/2

[Event "Team 45 45 League T60"]
[Site "Internet Chess Club"]
[Date "2014.03.01"]
[Round "1"]
[White "whiskeytown"]
[Black "allychess"]
[Result "1-0"]
[WhiteElo "1537"]
[BlackElo "1392"]
[Opening "Scotch: Schmidt variation"]
[ECO "C45"]
[Time "13:06:29"]
[TimeControl "2700+45"]

1. e4 e5 2. Nf3 Nc6 3. d4 exd4 4. Nxd4 Nf6 5. Nxc6 bxc6 6. Bd3 Bb4+ 7. c3 Bc5 8.
O-O O-O 9. Bg5 h6 10. Bh4 d5 11. e5 g5 12. Bxg5 hxg5 13. exf6 Qxf6 14. Qh5 Qg7
15. Re1 Rb8 16. b3 d4 17. Re5 f6 18. Rxc5 dxc3 19. Nxc3 Rb4 20. Rxc6 Bg4 21. Qg6
Qxg6 22. Bxg6 Rc8 23. Nd5 Rb5 24. Ne7+ Kg7 25. Nxc8 Rb7 26. Ne7 Kf8 27. Nf5
{Black resigns} 1-0

[Event "Team 45 45 League T60"]
[Site "Internet Chess Club"]
[Date "2014.03.04"]
[Round "1"]
[White "rubo"]
[Black "Stiltzkin"]
[Result "0-1"]
[WhiteElo "1626"]
[BlackElo "1688"]
[Opening "Bird's opening"]
[ECO "A03"]
[Time "16:00:20"]
[TimeControl "2700+45"]

1. f4 d5 2. Nf3 g6 3. e3 Bg7 4. Be2 c5 5. O-O Nc6 6. Bb5 Bd7 7. d4 Qb6 8. Bxc6
Bxc6 9. c3 Nf6 10. Ne5 Bb5 11. Rf3 Ne4 12. Nd2 f6 13. Ng4 Bd7 14. Nf2 O-O 15.
Ndxe4 dxe4 16. dxc5 Qc6 17. Rg3 Rad8 18. Qc2 f5 19. b4 a5 20. Bb2 e5 21. Nh3 Be6
22. Ng5 Bc4 23. a3 Rd3 24. Rd1 Rfd8 25. Rxd3 Rxd3 26. Nh3 Qd5 27. Nf2 Rd2 28.
Qc1 exf4 29. exf4 Bh6 30. Rd3 Rxd3 31. Nxd3 Qxd3 32. g3 Qe2 33. Ba1 e3 34. bxa5
Qf2+ {White resigns} 0-1

[Event "Team 45 45 League T60"]
[Site "Internet Chess Club"]
[Date "2014.03.02"]
[Round "1"]
[White "pokerram"]
[Black "evan7284"]
[Result "1-0"]
[WhiteElo "1698"]
[BlackElo "1644"]
[Opening "Petrov: Nimzovich attack"]
[ECO "C42"]
[Time "15:17:10"]
[TimeControl "2700+45"]

1. e4 e5 2. Nf3 Nf6 3. Nxe5 d6 4. Nf3 Nxe4 5. Nc3 Nxc3 6. dxc3 Be7 7. Be3 Nc6 8.
Qd2 Be6 9. O-O-O Ne5 10. Kb1 Nxf3 11. gxf3 Qd7 12. Be2 Qa4 13. b3 Qa3 14. Rhg1
Rg8 15. Qd3 g6 16. Qb5+ Kd8 17. Qxb7 Rc8 18. Rd4 Qc5 {Black resigns} 1-0

[Event "Team 45 45 League T60"]
[Site "Internet Chess Club"]
[Date "2014.03.01"]
[Round "1"]
[White "idjit"]
[Black "nanning"]
[Result "1-0"]
[WhiteElo "1669"]
[BlackElo "1557"]
[Opening "Giuoco Piano"]
[ECO "C50"]
[Time "10:51:17"]
[TimeControl "2700+45"]

1. e4 e5 2. Nf3 Nc6 3. Bc4 Bc5 4. O-O Nf6 5. d3 h6 6. Be3 Bb6 7. Nc3 d6 8. h3
O-O 9. Qe2 Re8 10. Rad1 Nd5 11. Nxd5 {Black resigns} 1-0

[Event "Team 45 45 League T60"]
[Site "Internet Chess Club"]
[Date "2014.03.02"]
[Round "1"]
[White "Megasus"]
[Black "g8wrb"]
[Result "1-0"]
[WhiteElo "1481"]
[BlackElo "1353"]
[Opening "Queen's pawn game, Darooha variation "]
[ECO "D02"]
[Time "06:00:56"]
[TimeControl "2700+45"]

1. Nf3 d5 2. d4 Nf6 3. Nbd2 g6 4. b3 Bg7 5. Bb2 O-O 6. e3 Bg4 7. h3 Bf5 8. Bd3
Bxd3 9. cxd3 b6 10. Qc2 Na6 11. a3 Rc8 12. Qc6 Nb8 13. Qb7 a6 14. Ne5 e6 15.
Ndf3 Qd6 16. Rc1 Ne8 17. Nc6 Nf6 18. O-O Nfd7 19. Nfe5 a5 20. Rfe1 Rfe8 21. e4
Bh6 22. Rc2 f6 23. Nxd7 Qxd7 24. e5 f5 25. Na7 c6 26. Qxd7 Nxd7 27. Nxc8 Rxc8
28. g3 Kf7 29. f4 Bf8 30. Rec1 Nb8 31. Kg2 Be7 32. Kf3 h5 33. Ra1 Rc7 34. Bc1
Na6 35. Bd2 Ke8 36. Rac1 Kd7 37. g4 Bxa3 38. Rg1 hxg4+ 39. hxg4 Nb4 40. Bxb4
Bxb4 41. gxf5 exf5 42. Rxg6 Be7 43. Rh2 Kc8 44. Rh8+ Kd7 45. Rh7 Ke8 46. e6 Rc8
47. Rf7 Bf8 48. Rg8 {Black resigns} 1-0

[Event "Team 45 45 League T60"]
[Site "Internet Chess Club"]
[Date "2014.02.27"]
[Round "1"]
[White "netballgirl"]
[Black "tryanything"]
[Result "1/2-1/2"]
[WhiteElo "1689"]
[BlackElo "1621"]
[Opening "Budapest: Rubinstein variation"]
[ECO "A52"]
[Time "19:00:10"]
[TimeControl "2700+45"]

1. d4 Nf6 2. c4 e5 3. dxe5 Ng4 4. Bf4 Nc6 5. Nf3 Bb4+ 6. Nbd2 Qe7 7. e3 Ngxe5 8.
Nxe5 Nxe5 9. a3 Bxd2+ 10. Qxd2 d6 11. Be2 Be6 12. Qc3 f6 13. O-O O-O 14. Rfd1 b6
15. Rac1 a5 16. b3 Rad8 17. e4 Ng6 18. Be3 f5 19. exf5 Bxf5 20. Qd2 h6 21. Qd5+
Kh7 22. Bd3 Bxd3 23. Qxd3 Qf7 24. f3 Kg8 25. Qd5 Qxd5 26. cxd5 Rd7 27. Kf2 Ne5
28. h3 g5 29. Ke2 Kg7 30. Bd4 Kg6 31. Bxe5 dxe5 32. Rc6+ Rf6 33. Rxf6+ Kxf6 34.
Ke3 {Game drawn by mutual agreement} 1/2-1/2

[Event "Team 45 45 League T60"]
[Site "Internet Chess Club"]
[Date "2014.03.01"]
[Round "1"]
[White "clarinetref"]
[Black "houseofcook"]
[Result "1-0"]
[WhiteElo "1605"]
[BlackElo "1455"]
[Opening "Queen's pawn game, Zukertort variation"]
[ECO "A06"]
[Time "10:08:56"]
[TimeControl "2700+45"]

1. Nf3 d5 2. e3 e6 3. b3 c5 4. d4 Nf6 5. Nbd2 Nbd7 6. Bd3 g6 7. Bb2 Bg7 8. O-O
O-O 9. Re1 b6 10. e4 dxe4 11. Nxe4 Nxe4 12. Bxe4 Rb8 13. Qe2 Bb7 14. Bxb7 Rxb7
15. c4 Re8 16. Rad1 Qc8 17. Ng5 cxd4 18. Bxd4 h6 19. Ne4 Bxd4 20. Rxd4 Qc6 21.
Nd6 Rbb8 22. Nxe8 Rxe8 23. Red1 Re7 24. Qd2 Nf6 25. Qxh6 Rd7 26. Rxd7 Nxd7 27.
Qh4 Kg7 28. Rd3 Kf8 29. Qd8+ {Black resigns} 1-0

[Event "Team 45 45 League T60"]
[Site "Internet Chess Club"]
[Date "2014.02.27"]
[Round "1"]
[White "seattleblues"]
[Black "Aquaman"]
[Result "0-1"]
[WhiteElo "1485"]
[BlackElo "1390"]
[Opening "Modern defense"]
[ECO "A40"]
[Time "21:00:44"]
[TimeControl "2700+45"]

1. d4 g6 2. Nf3 d6 3. Bf4 Bg7 4. Nc3 Nd7 5. Qd2 b6 6. e3 Bb7 7. Be2 Ngf6 8. h3
O-O 9. Bh2 c5 10. O-O cxd4 11. exd4 Re8 12. Rfe1 Ne4 13. Nxe4 Bxe4 14. Bd1 Bb7
15. a4 a5 16. Rb1 Nf6 17. c3 Ne4 18. Qc2 Nf6 19. Nd2 Bh6 20. Nc4 Ba6 21. Qb3 Rb8
22. Na3 Bb7 23. Nb5 Bd5 24. Qc2 Bc4 25. Be2 Bxe2 26. Rxe2 Nd5 27. Re4 Nf6 28.
Re2 Rb7 29. Qb3 Rd7 30. Rbe1 d5 31. Qc2 Ne4 32. f3 Nf6 33. Bg3 Nh5 34. Bh2 Bf4
35. Bxf4 Nxf4 36. Re5 e6 37. Qd2 Qh4 38. Na3 Qg3 39. Kf1 Qh2 40. Qe3 Qxg2#
{White checkmated} 0-1

[Event "Team 45 45 League T60"]
[Site "Internet Chess Club"]
[Date "2014.03.02"]
[Round "1"]
[White "NFork"]
[Black "Paul-Romero"]
[Result "1-0"]
[WhiteElo "2163"]
[BlackElo "1913"]
[Opening "Pirc: classical system, 5.Be2"]
[ECO "B07"]
[Time "02:02:31"]
[TimeControl "2700+45"]

1. e4 d6 2. d4 Nf6 3. Nc3 g6 4. Be2 Bg7 5. Nf3 c5 6. d5 e6 7. dxe6 Bxe6 8. Bf4
d5 9. Nb5 O-O 10. Bc7 Qe8 11. Bd6 Na6 12. Bxf8 Qxf8 13. exd5 Nxd5 14. c3 Nf4 15.
O-O Rd8 16. Qe1 Qe7 17. Na3 Nc7 18. Bc4 Ncd5 19. g3 Nh3+ 20. Kg2 Qf6 21. Ng1
Nxg1 22. Rxg1 a6 23. Rd1 b5 24. Bd3 Re8 25. Be4 Nc7 26. Qd2 Bg4 27. f3 Rxe4 28.
fxg4 Qe5 29. Rge1 Ne6 30. Rxe4 Qxe4+ 31. Kf2 Qxg4 32. Qe2 Qg5 33. Nc2 Qf5+ 34.
Kg1 Bh6 35. Rf1 Qd5 36. Qf3 Qd7 37. h4 Bf8 38. Ne3 Nc7 39. Ng4 Bg7 40. Rd1 Qe8
41. Qe3 Ne6 42. Rd6 Qc8 43. Qf3 b4 44. Qc6 Qb8 45. Qb6 Qxb6 46. Rxb6 bxc3 47.
bxc3 Bxc3 48. Rxa6 Bd4+ 49. Kf1 c4 50. Rc6 Nc5 51. Nf6+ Kg7 52. Nd5 Ne4 53. g4
h5 54. gxh5 gxh5 55. Ke2 Bc5 56. a4 f5 57. Nf4 c3 58. Ne6+ {Black resigns} 1-0

[Event "Team 45 45 League T60"]
[Site "Internet Chess Club"]
[Date "2014.03.01"]
[Round "1"]
[White "jjimalo"]
[Black "SlimeDog2"]
[Result "0-1"]
[WhiteElo "1903"]
[BlackElo "1993"]
[Opening "Ruy Lopez: open, Dilworth variation"]
[ECO "C82"]
[Time "02:39:28"]
[TimeControl "2700+45"]

1. e4 e5 2. Nf3 Nc6 3. Bb5 a6 4. Ba4 Nf6 5. O-O Nxe4 6. d4 b5 7. Bb3 d5 8. dxe5
Be6 9. c3 Bc5 10. Nbd2 O-O 11. Bc2 Nxf2 12. Rxf2 f6 13. exf6 Qxf6 14. Qf1 Rae8
15. Nb3 Bxf2+ 16. Qxf2 Ne5 17. Nbd4 Bg4 18. Bg5 Qf7 19. Rf1 c5 20. Nxe5 Qxf2+
21. Rxf2 Rxf2 22. Kxf2 Rxe5 23. Bf4 Re8 24. Nf3 h6 25. Bd6 Rc8 26. h3 Rc6 27.
Bf4 Be6 28. Bb3 a5 29. a3 Kf8 30. Ne5 Rc8 31. Ke2 Ke7 32. Bd1 Bf5 33. Kd2 Ke6
34. Be2 b4 35. axb4 axb4 36. Bd3 bxc3+ 37. bxc3 g5 38. Bg3 Ra8 39. Ke3 Ra3 40.
Bxf5+ Kxf5 41. Nd3 d4+ 42. Kd2 c4 43. Nc1 Rxc3 44. Bd6 Ke4 45. Ne2 Rd3+ {White
resigns} 0-1

[Event "Team 45 45 League T60"]
[Site "Internet Chess Club"]
[Date "2014.02.27"]
[Round "1"]
[White "cesaralexander"]
[Black "santiagoelawad"]
[Result "0-1"]
[WhiteElo "1936"]
[BlackElo "1959"]
[Opening "QGD Slav: 3.Nf3"]
[ECO "D11"]
[Time "18:30:42"]
[TimeControl "2700+45"]

1. d4 d5 2. c4 c6 3. Nf3 Nf6 4. Qc2 g6 5. Nc3 dxc4 6. a4 Bg7 7. e3 Nbd7 8. Bxc4
c5 9. Bxf7+ Kxf7 10. Ng5+ Ke8 11. Qb3 e6 12. Nxe6 Qe7 13. Nc7+ Kf8 14. Nxa8 cxd4
15. Nb5 Nc5 16. Qc4 Be6 17. Qxd4 Nb3 18. Qxa7 Qb4+ 19. Nc3 Nxa1 20. Qb8+ Kf7 21.
Qc7+ Nd7 22. O-O Rxa8 23. Nd5 Qc5 24. Qf4+ Kg8 25. Nc7 Be5 26. Nxe6 Bxf4 27.
Nxc5 Bxh2+ 28. Kxh2 Nxc5 29. Bd2 Nab3 30. Bc3 Nxa4 31. Bf6 Kf7 32. Be5 Ke6 33.
f4 Rd8 34. Kh3 Rd3 35. Re1 Kf5 36. Kg3 Ke4 37. Kg4 Rxe3 38. Rxe3+ Kxe3 39. Kg5
Nd4 40. b4 Ne6+ 41. Kh6 Nxf4 42. Kxh7 g5 43. g3 Nd3 44. Bd6 Nc3 45. Kh6 g4 46.
Kh5 Kf3 47. Kh4 b5 48. Kh5 Nd5 49. Kg5 N5xb4 50. Kf5 Nc2 51. Ke6 b4 52. Kd5 b3
{White resigns} 0-1

[Event "Team 45 45 League T60"]
[Site "Internet Chess Club"]
[Date "2014.02.25"]
[Round "1"]
[White "justice02"]
[Black "JustinL"]
[Result "0-1"]
[WhiteElo "1790"]
[BlackElo "1981"]
[Opening "Réti opening"]
[ECO "A04"]
[Time "20:00:09"]
[TimeControl "2700+45"]

1. Nf3 Nc6 2. g3 e5 3. Bg2 f5 4. c3 e4 5. Ng1 d5 6. d4 Nf6 7. Nh3 Bd6 8. b3 b5
9. Bf4 O-O 10. Bxd6 Qxd6 11. e3 Be6 12. Ng5 a5 13. Nxe6 Qxe6 14. Qe2 a4 15. Qxb5
Rfb8 16. Qe2 axb3 17. a3 Na5 18. Nd2 b2 19. Rb1 Qd6 20. O-O Qxa3 21. c4 Nb3 22.
Nxb3 Qxb3 23. c5 Qa2 24. Qc2 Ra4 25. Rfd1 Rc4 26. Qd2 Qb3 27. Bf1 Rc2 28. Qe1
Ng4 29. Rd2 Qc3 30. Rxc2 Qxc2 31. Be2 Rb3 32. Qd1 Rc3 33. Kg2 Nf6 34. Qxc2 Rxc2
35. Bb5 Ng4 36. Bc6 Kf8 37. Bxd5 Nxe3+ {White resigns} 0-1

[Event "Team 45 45 League T60"]
[Site "Internet Chess Club"]
[Date "2014.03.02"]
[Round "1"]
[White "imgr8"]
[Black "Jack-ONeill"]
[Result "1-0"]
[WhiteElo "2150"]
[BlackElo "2044"]
[Opening "Sicilian: Nimzovich-Rossolimo attack (without ...d6)"]
[ECO "B30"]
[Time "10:14:43"]
[TimeControl "2700+45"]

1. e4 c5 2. Nf3 Nc6 3. Bb5 Nf6 4. Qe2 g6 5. e5 Nd5 6. Qc4 Ncb4 7. a3 a6 8. Ba4
b5 9. Qe4 bxa4 10. axb4 Nxb4 11. O-O d5 12. exd6 Bf5 13. Qe5 f6 14. Qxc5 Qxd6
15. Qxd6 exd6 16. Rxa4 Nxc2 17. Nc3 Bd3 18. Rd1 Bg7 19. Ne1 Nxe1 20. Rxe1+ Kd7
21. Rd4 Rhe8 22. Re3 Bb5 23. Rh4 h5 24. d4 Bh6 25. f4 Bg7 26. f5 gxf5 27. Rxh5
Rxe3 28. Bxe3 Ke6 29. d5+ Kf7 30. Rxf5 Kg6 31. Rf3 f5 32. Rg3+ Kf7 33. Bf4 Bd4+
34. Kh1 Re8 35. h4 Re1+ 36. Kh2 Bg1+ 37. Kh3 Bf2 38. Rf3 Rh1+ 39. Bh2 Bg1 40.
Nxb5 axb5 41. Rxf5+ Kg6 42. Rf1 Rxh2+ 43. Kg3 Rh1 44. Kg4 b4 45. b3 Kg7 46. g3
Kg6 47. Re1 Kh6 48. Kf3 Kh5 49. Kg2 Rh2+ 50. Kxg1 Rb2 51. Re4 Rxb3 52. Kg2 Rb1
53. Re6 Kg4 54. Rg6+ Kf5 55. Rxd6 {Black resigns} 1-0

[Event "Team 45 45 League T60"]
[Site "Internet Chess Club"]
[Date "2014.02.27"]
[Round "1"]
[White "Ptzz"]
[Black "RobertStephen"]
[Result "1/2-1/2"]
[WhiteElo "2066"]
[BlackElo "1943"]
[Opening "Nimzo-Indian: classical, Noa variation, 5.cd ed"]
[ECO "E35"]
[Time "14:31:18"]
[TimeControl "2700+45"]

1. c4 Nf6 2. d4 e6 3. Nc3 Bb4 4. Qc2 d5 5. cxd5 exd5 6. Bg5 h6 7. Bxf6 Qxf6 8.
a3 Bxc3+ 9. Qxc3 O-O 10. e3 c6 11. Nf3 Bf5 12. Bd3 Bxd3 13. Qxd3 Nd7 14. O-O
Rae8 15. b4 a6 16. a4 Nb6 17. Ne5 Re7 18. Rfc1 Ra8 19. Qc2 Nd7 20. Nd3 Rc8 21.
Qb3 Rce8 22. b5 Qg6 23. bxc6 bxc6 24. Qc2 Rb8 25. Nc5 Qxc2 26. Rxc2 Nxc5 27.
Rxc5 Re6 28. h4 Kf8 29. Rac1 Rb4 30. a5 Ra4 31. Rb1 Ra2 32. Rb6 Rf6 33. f3 Rg6
34. g4 Re6 35. Rb3 Rf6 36. f4 g6 37. Rbc3 Ke7 38. Rxc6 Rxc6 39. Rxc6 Rxa5 40.
Kf2 Ra3 41. Kf3 Kd7 42. Rf6 Ke7 43. Rb6 Ra1 44. f5 gxf5 45. gxf5 h5 46. f6+ Kd7
47. Kf4 Kc7 48. Rb2 Rg1 49. Ke5 Rg3 50. Rb3 Rg4 51. Kxd5 Rxh4 52. e4 Rg4 53. e5
h4 54. Rc3+ Kb7 55. e6 fxe6+ 56. Ke5 Rg5+ 57. Kxe6 Rg6 58. Kf5 Rg3 59. Rc5 h3
60. Ke6 Re3+ 61. Kd6 Rf3 62. Ke7 Re3+ 63. Kf8 h2 64. Rh5 Re2 65. f7 Kc6 66. Kg7
Rg2+ 67. Kh6 Rf2 68. Kg6 Rg2+ 69. Kf6 Rf2+ 70. Ke7 Re2+ 71. Kf6 Rf2+ 72. Ke7
Re2+ 73. Re5 h1=Q 74. Rxe2 Qh4+ 75. Ke8 Qh5 76. Re5 Qg6 77. d5+ Kc5 78. Re6 Qh5
79. d6 Kd5 80. Re1 Kxd6 81. Rd1+ Ke6 82. Re1+ Kd5 83. Ke7 Qh4+ 84. Kd7 Qg4+ 85.
Ke8 Qa4+ 86. Kf8 Qh4 87. Kg8 Qg5+ {Game drawn by mutual agreement} 1/2-1/2